 Dungeon Crawl Stone Soup version 0.30.0-30-g96aa6591b8 (webtiles) character file.

Game seed: 10651953547887584272

230 Elmgren the Trooper (level 5, -11/50 HPs)
             Began as a Minotaur Fighter on June 27, 2023.
             Mangled by an ogre
             ... wielding a +0 giant club
              (22 damage)
             ... on level 4 of the Dungeon.
             The game lasted 00:03:16 (3043 turns).

Elmgren the Trooper (Minotaur Fighter)              Turns: 3043, Time: 00:03:16

Health: -11/50     AC:  9    Str: 23    XL:     5   Next: 72%
Magic:  4/4        EV:  9    Int:  5    God:
Gold:   211        SH:  4    Dex:  9    Spells: 4/4 levels left

rFire   . . .        h - +0 mace (holy)
rCold   . . .        c - +0 buckler
rNeg    . . .        b - +0 scale mail
rPois   .            (helmet restricted)
rElec   .            j - +0 cloak
rCorr   .            (no gloves)
SInv    .            f - +0 pair of boots
Will    .....        (no amulet) Stlth
                     (no ring)
HPRegen 0.28/turn    (no ring)
MPRegen 0.09/turn

%: no passive effects
@: no status effects
A: horns 2, retaliatory headbutt
a: no special abilities


You were on level 4 of the Dungeon.
You visited 1 branch of the dungeon, and saw 4 of its levels.

You collected 211 gold pieces.

Inventory:

Hand Weapons
 h - a +0 mace of holy wrath (weapon)
Missiles
 a - a throwing net (quivered)
Armour
 b - a +0 scale mail (worn)
 c - a +0 buckler (worn)
 f - a +0 pair of boots (worn)
 j - a +0 cloak (worn)
Jewellery
 e - a +6 ring of intelligence
 o - a ring of willpower
Wands
 i - a wand of charming (15)
 k - a wand of roots (8)
Potions
 d - 2 potions of might
 g - a potion of attraction
 l - a potion of mutation {unknown}
 n - a potion of invisibility {unknown}


   Skills:
 + Level 6.1 Fighting
 + Level 5.4 Maces & Flails
 - Level 3.6 Armour
 - Level 3.6 Shields


You had 4 spell levels left.
You didn't know any spells.
Your spell library contained the following spells:

 Spells                   Type           Power      Damage    Failure   Level
 Blink                    Tloc           0%         N/A       94%         2
 Lesser Beckoning         Tloc           0%         N/A       94%         2
 Momentum Strike          Conj/Tloc      0%         3d8       94%         2


Dungeon Overview and Level Annotations

Branches:
Dungeon (4/15) Zot: 20918
 Temple: D:4-7

Altars:
Nemelex Xobeh

Shops:
D:2 *


Innate Abilities, Weirdness & Mutations

You have a pair of horns on your head.
You reflexively headbutt those who attack you in melee.


Message History

You open the door.
There is an open door here.
You now have 211 gold pieces (gained 11).
Found a stone staircase leading down.
Health restored: 50 No target in view!
You open the door.
An adder comes into view.
The adder hisses angrily.
There is an open door here.
You closely miss the adder. You block the adder's attack.
An ogre opens the door.
There are monsters nearby!
You miss the adder.
The ogre shouts!
You block the adder's attack. The adder bites you.
You are poisoned.
The adder poisons you!
There are monsters nearby!
You take 1 damage, and have 49/50 hp.
You sock the adder! You headbutt the adder.
You kill the adder!
You feel sick.
An ogre is nearby!
You take 2 damage, and have 47/50 hp.
You feel sick.
An ogre is nearby!
You take 1 damage, and have 46/50 hp.
You feel sick. The ogre hits you with a +0 giant club!
An ogre is nearby!
You take 13 damage, and have 33/50 hp.
MASSIVE DAMAGE!!
Sorry, you're not good enough to have a special ability.
You hit the ogre.
You feel sick.
The ogre hits you with a +0 giant club!!
* * * LOW HITPOINT WARNING * * *
You take 21 damage, and have 12/50 hp.
MASSIVE DAMAGE!!
You hit the ogre. You headbutt the ogre.
You feel sick.
You are no longer poisoned.
The ogre hits you with a +0 giant club!!
You die...

.'.#.......#.†.## #...# #.#
##.#+#...#'#.### #...# #.#
.....#^..#.....# #..## #.#
.....##+##.....+ ##..## #.#
.....# #.....# ..## #.# ##.#+#
#+#.#####..## #.# .+.#
#.'...+...# ### .#####
#####..?###.# ...#.+
+.#..$O@..#.##
)#'#.#####.#+#...#'#..#
.#.....#.....#...#....##
##.....+.....##+#####..#
.#.....#.....##.# ##.##
.#)#.#####.#'#..# #..#
...#.'..†'.#...########.#
.#####...####........##.#####.#
.' #.......##..................


You could see an ogre.

Vanquished Creatures
  A hound (D:4)
  7 gnolls
  6 adders
  A worm (D:3)
  2 dart slugs
  3 orcs (D:3)
  4 endoplasms
  3 giant cockroaches
  9 goblins
  4 hobgoblins
  5 jackals
  5 kobolds
  3 quokkas
  8 ball pythons
  5 bats
  A frilled lizard (D:1)
  5 rats
72 creatures vanquished.

Notes
Turn   | Place    | Note
-------+----------+-------------------------------------------
     0 | D:1      | Elmgren the Minotaur Fighter began the quest for the Orb.
     0 | D:1      | Reached XP level 1. HP: 19/19 MP: 0/0
   224 | D:1      | Reached skill level 4 in Fighting
   279 | D:1      | Reached XP level 2. HP: 27/27 MP: 1/1
  1013 | D:2      | Reached XP level 3. HP: 30/34 MP: 2/2
  1397 | D:2      | Found Areised's Assorted Antiques.
  1401 | D:2      | Reached skill level 5 in Fighting
  1401 | D:2      | Reached XP level 4. HP: 42/42 MP: 3/3
  1906 | D:3      | Found a faded altar of an unknown god.
  2381 | D:3      | Reached XP level 5. HP: 39/48 MP: 4/4
  2791 | D:4      | Found a sparkling altar of Nemelex Xobeh.
  2804 | D:4      | Reached skill level 5 in Maces & Flails
  2956 | D:4      | Reached skill level 6 in Fighting
  3038 | D:4      | Noticed an ogre
  3043 | D:4      | Mangled by an ogre

Illustrated notes

Levels and vault maps discovered:
D:1:      matt_arrival_refuge, layout_basic
D:2:      layout_rooms, serial_shops, shop, grunt_decor_resistance,
          hangedman_decor_riveting
D:3:      layout_basic, hellmonk_ecumenical_altar_crossroads,
          grunt_ministairs_4, minmay_misc_feat_rugged
D:4:      nicolae_cairo_tiling_large, layout_basic,
          mainiacjoe_overflow_alcove_2, lemuel_crystal_altar

Skill      XL: |  1  2  3  4  5 |
---------------+----------------+-----
Fighting       | 4 5 6 |  6.1
Maces & Flails | 3 4 5 |  5.4
Armour         | |  3.6
Shields        | |  3.6

Action                     |  1- 3 |  4- 6 || total
---------------------------+-------+-------++-------
  Melee: Mace              |    68 |    98 ||   166
         Flail             |     7 |       ||     7
         Headbutt          |     9 |    18 ||    27
    Use: Scroll            |     2 |     3 ||     5
 Armour: Scale mail        |    32 |    45 ||    77
  Dodge: Dodged            |    43 |    42 ||    85
  Block: Buckler           |    16 |    27 ||    43
